Map: Catalyst LE

Players

Snute - Winner!

  • Race: Zerg Zerg
  • Spawn Location: 5:00

Yours

  • Race: Zerg Zerg
  • Spawn Location: 11:00

Event: WCS Leipzig 2018

VOD

Have the link to the VOD?

Description

Time

  • Played on: Jan. 26, 2018, 12:47 p.m.
  • Length: 16:00

All games in this series

Show
View Real Time Build Order
Export as new Build Order

Snute Zerg - Winner!

Build Orders: Pool First, Lurkers 

Get SALT Encoding   

  12  0:00  Drone  
  13  0:12  Overlord  
  13  0:16  Drone  
  14  0:30  Drone x2  
  14  0:34  Drone  
  17  0:44  Spawning Pool  
  17  0:48  Drone  
  17  1:08  Hatchery  
  17  1:11  Drone  
  17  1:14  Drone  
  17  1:16  Extractor  
  17  1:19  Drone  
  18  1:30  Queen  
  20  1:33  Zergling x2  
  20  1:39  Zergling x2  
  22  1:45  Spine Crawler  
  21  1:49  Zergling x2  
  22  2:00  Extractor  
  21  2:03  Zergling x2  
  21  2:23  Drone  
  21  2:24  Drone x2  
  23  2:32  Drone  
  23  2:33  Drone  
  23  2:41  Drone x3  
  23  2:42  Drone  
  25  2:51  Metabolic Boost  
  25  2:52  Overlord  
  25  2:53  Drone  
  25  2:57  Drone  
  27  3:05  Drone  
  27  3:10  Drone  
  29  3:14  Drone x3  
  29  3:17  Drone  
  29  3:18  Overlord  
  33  3:27  Drone  
  34  3:29  Hatchery  
  34  3:33  Queen  
  35  3:36  Drone  
  35  3:38  Drone  
  37  3:42  Zergling x4  
  37  3:43  Zergling x2  
  37  3:44  Zergling x2  
  41  3:50  Zergling x4  
  43  4:01  Overlord  
  43  4:03  Drone  
  44  4:13  Overlord  
  44  4:20  Drone x4  
  44  4:21  Evolution Chamber  
  47  4:24  Drone  
  47  4:27  Drone  
  47  4:29  Roach Warren  
  48  4:34  Drone  
  48  4:36  Drone, Extractor  
  49  4:42  Drone x4  
  52  4:45  Overlord  
  52  4:47  Zerg Missile Weapons Level 1  
  52  4:50  Drone x3, Extractor  
  52  4:52  Overlord  
  54  5:08  Roach  
  54  5:12  Roach x3  
  60  5:28  Drone x7  
  66  5:30  Drone, Extractor, Queen  
  66  5:34  Lair  
  66  5:38  Roach  
  66  5:39  Roach  
  70  5:44  Roach x2  
  70  5:47  Overlord  
  74  5:51  Overlord  
  74  5:52  Roach x3  
  74  5:55  Roach  
  82  5:59  Overlord  
  82  6:00  Overlord  
  82  6:09  Overlord  
  82  6:10  Roach x3  
  88  6:13  Roach  
  88  6:16  Roach  
  92  6:19  Roach x3  
  92  6:23  Roach x4  
  106  6:28  Extractor  
  105  6:33  Glial Reconstitution  
  105  6:36  Overlord  
  105  6:37  Drone  
  105  6:38  Drone x4  
  110  6:41  Drone x2  
  110  6:45  Zerg Missile Weapons Level 2  
  112  6:47  Overlord, Evolution Chamber  
  112  6:48  Drone x2  
  112  6:49  Drone  
  112  6:53  Overlord  
  114  6:57  Drone x5  
  114  6:59  Unknown  
  119  7:04  Drone  
  120  7:12  Roach  
  120  7:13  Roach x4, Hatchery  
  120  7:14  Zerg Ground Armor Level 1  
  129  7:16  Overlord  
  129  7:21  Roach x2  
  133  7:23  Overlord  
  133  7:24  Overlord  
  133  7:27  Roach  
  137  7:30  Roach  
  137  7:33  Roach x2  
  137  7:36  Extractor  
  140  7:39  Roach x3  
  140  7:42  Drone x2  
  140  7:43  Roach  
  140  7:44  Roach x2  
  154  7:47  Overseer  
  154  7:51  Roach x4  
  160  7:55  Tunneling Claws  
  162  7:59  Burrow  
  162  8:04  Overlord x2  
  162  8:09  Hydralisk Den  
  162  8:10  Drone  
  162  8:14  Overlord x2  
  162  8:21  Overlord  
  162  8:26  Roach  
  174  8:27  Roach x8  
  174  8:30  Unknown  
  174  8:32  Roach  
  174  8:33  Roach  
  184  8:35  Roach x2  
  184  8:39  Roach x2  
  184  8:40  Roach  
  194  8:43  Lurker Den  
  194  8:45  Pneumatized Carapace  
  194  8:47  Roach  
  195  8:48  Drone  
  195  8:49  Drone  
  195  8:50  Drone  
  195  8:51  Drone  
  199  9:02  Ravager  
  200  9:07  Roach x17  
  198  9:19  Roach  
  198  9:20  Roach x3  
  198  9:22  Roach x5  
  196  9:31  Roach x2  
  196  9:32  Roach x3  
  196  9:34  Roach x5  
  196  9:38  Spine Crawler  
  191  9:43  Zerg Ground Armor Level 2  
  191  9:44  Roach x4, Hydralisk x5  
  197  9:46  Muscular Augments  
  197  9:47  Spine Crawler  
  197  9:50  Spine Crawler x2  
  186  10:01  Roach x3  
  186  10:02  Roach x5  
  186  10:03  Roach x3  
  200  10:12  Lurker x3  
  200  10:13  Lurker  
  200  10:17  Roach x4  
  199  10:26  Lurker  
  199  10:28  Drone x6  
  197  10:36  Roach  
  197  10:38  Overseer  
  195  10:47  Infestation Pit  
  194  10:52  Roach x3  
  194  10:54  Hatchery  
  193  10:58  Roach  
  193  11:01  Roach x2  
  193  11:08  Hydralisk x3  
  199  11:13  Roach  
  199  11:26  Hive  
  199  11:30  Spire  
  194  11:44  Spine Crawler  
  194  11:45  Lurker x2  
  188  12:07  Roach x6  
  150  12:23  Roach x6  
  150  12:24  Roach x12  
  150  12:29  Roach x6  
  168  12:36  Roach x4  
  170  12:39  Roach x4  
  170  12:42  Roach  
  170  12:44  Zerg Missile Weapons Level 3  
  180  12:45  Greater Spire  
  180  12:47  Roach  
  182  12:51  Roach  
  182  12:52  Roach x2  
  172  13:02  Adaptive Talons  
  172  13:04  Roach x4  
  176  13:09  Roach x3  
  176  13:12  Roach x2  
  186  13:14  Roach  
  186  13:15  Roach x4  
  196  13:21  Extractor, Roach x2  
  196  13:23  Extractor  
  198  13:34  Ravager x2  
  198  13:53  Lurker  
  199  13:57  Roach x20  
  199  13:58  Overseer  
  199  14:00  Spine Crawler  
  199  14:02  Spine Crawler  
  197  14:07  Roach  
  199  14:12  Spine Crawler  
  199  14:14  Spine Crawler  
  189  14:20  Roach x8  
  189  14:21  Roach  
  189  14:22  Overseer  
  147  14:32  Roach x18  
  147  14:33  Roach x4  
  191  14:39  Roach  
  191  14:40  Roach x3  
  193  14:47  Roach x3  
  194  14:57  Hydralisk x3  
  200  15:05  Roach x17  
  200  15:07  Spine Crawler x2  
  200  15:10  Spine Crawler  
  200  15:11  Drone x3  
  198  15:35  Roach x10  
  178  15:36  Roach x3  
Show
View Real Time Build Order
Export as new Build Order

Yours Zerg 

Build Orders: Pool First 

Get SALT Encoding   

  12  0:18  Spawning Pool  
  11  0:21  Drone  
  11  0:26  Drone  
  13  0:30  Drone  
  14  0:40  Overlord  
  14  1:05  Zergling x6  
  17  1:15  Zergling x2  
  18  1:18  Hatchery  
  17  1:26  Zergling x2  
  18  1:34  Queen  
  18  1:37  Zergling x2  
  21  1:48  Overlord  
  21  2:07  Drone  
  22  2:09  Queen  
  22  2:11  Drone  
  25  2:21  Drone  
  24  2:33  Drone x2  
  23  2:41  Queen  
  24  2:44  Drone x2  
  24  2:50  Spine Crawler  
  25  2:52  Queen  
  27  3:00  Drone x2  
  27  3:02  Drone  
  30  3:06  Drone  
  30  3:08  Drone  
  30  3:11  Drone  
  33  3:14  Zergling x2  
  34  3:20  Drone  
  34  3:22  Overlord  
  34  3:26  Extractor  
  34  3:28  Drone, Extractor  
  34  3:29  Drone  
  34  3:31  Drone  
  36  3:41  Drone x3  
  36  3:45  Drone  
  40  3:49  Drone x2  
  40  3:53  Overlord  
  40  3:54  Drone  
  42  4:05  Drone, Evolution Chamber  
  42  4:06  Roach Warren  
  41  4:16  Drone x4  
  45  4:18  Drone  
  45  4:21  Extractor  
  45  4:22  Lair  
  45  4:28  Drone x3  
  48  4:31  Drone  
  48  4:34  Zerg Missile Weapons Level 1  
  48  4:37  Drone  
  50  4:39  Overlord  
  50  4:47  Roach  
  52  4:59  Roach x4  
  57  5:21  Drone  
  57  5:27  Hatchery  
  57  5:28  Roach  
  59  5:29  Overlord x2  
  59  5:38  Roach, Glial Reconstitution  
  59  5:40  Overlord  
  59  5:43  Overseer  
  59  5:50  Roach x4  
  59  5:51  Roach x2  
  59  5:55  Roach x2  
  59  5:56  Overlord  
  75  6:10  Drone x3  
  79  6:18  Drone  
  79  6:21  Drone  
  79  6:23  Drone  
  79  6:24  Drone x2  
  83  6:30  Drone x4  
  87  6:35  Extractor  
  87  6:39  Overlord x2  
  86  6:44  Roach  
  88  6:49  Drone  
  88  6:53  Roach x4  
  97  6:59  Roach x2  
  97  7:00  Roach x2  
  105  7:04  Roach x3  
  105  7:08  Ravager  
  112  7:10  Ravager x2  
  112  7:11  Extractor  
  112  7:12  Ravager  
  112  7:13  Overlord x3  
  114  7:34  Drone x9  
  123  7:40  Drone  
  123  7:41  Tunneling Claws  
  123  7:42  Burrow  
  123  7:43  Drone  
  125  7:52  Roach x3  
  125  7:53  Roach x2  
  125  7:54  Overlord  
  125  7:55  Hatchery  
  134  7:59  Overlord x2  
  134  8:06  Overlord  
  134  8:10  Roach x2  
  138  8:17  Drone  
  138  8:19  Roach  
  153  8:20  Roach x6  
  153  8:26  Roach x4  
  161  8:42  Roach  
  161  8:43  Roach x3  
  169  8:48  Overlord  
  169  8:51  Ravager  
  169  8:52  Overlord  
  170  9:06  Roach  
  170  9:07  Roach x7  
  184  9:12  Ravager  
  184  9:13  Roach x3  
  184  9:14  Overlord  
  184  9:15  Overlord  
  191  9:21  Overseer  
  191  9:35  Evolution Chamber  
  191  9:36  Roach x5  
  200  9:42  Overseer  
  197  9:47  Drone  
  197  9:48  Drone x3, Extractor  
  197  9:49  Roach  
  198  9:56  Roach x7  
  194  10:01  Drone  
  194  10:02  Drone x3, Extractor x2  
  196  10:13  Roach x2  
  194  10:21  Roach x3  
  200  10:29  Overlord x2  
  185  10:48  Drone x2  
  185  10:49  Drone x3  
  182  10:51  Ravager x5  
  182  10:52  Ravager  
  182  10:53  Roach x6  
  200  11:06  Spine Crawler  
  200  11:07  Spine Crawler  
  200  11:09  Drone x2  
  198  11:25  Ravager  
  198  11:26  Ravager x3  
  198  11:27  Ravager  
  198  11:28  Ravager  
  198  11:29  Zerg Missile Weapons Level 2  
  199  11:33  Overseer x2  
  199  11:34  Drone  
  198  11:42  Drone x2  
  200  11:52  Roach x7  
  199  11:54  Drone  
  200  12:20  Roach x3  
  200  12:22  Roach x14  
  199  12:23  Roach x2  
  199  12:26  Roach  
  199  12:27  Roach x7  
  183  12:32  Roach x5  
  183  12:33  Roach x3  
  190  12:42  Ravager  
  190  12:43  Queen  
  190  12:44  Drone x4  
  195  12:50  Roach  
  195  12:51  Roach  
  193  13:00  Roach x5  
  199  13:10  Ravager, Overseer  
  199  13:11  Pneumatized Carapace  
  199  13:12  Overseer x2  
  200  13:16  Ravager x2  
  200  13:23  Roach x8  
  198  13:31  Ravager x2  
  200  13:42  Roach x6  
  200  13:48  Spire  
  200  13:49  Roach x7  
  197  13:59  Ravager x3  
  200  14:04  Zerg Ground Armor Level 1  
  200  14:07  Infestation Pit  
  200  14:09  Ravager  
  196  14:20  Ravager x2  
  196  14:21  Roach  
  174  14:34  Roach x10  
  174  14:35  Roach x2  
  168  14:55  Roach x7  
  168  14:57  Ravager x4  
  168  14:59  Roach  
  176  15:00  Roach x2  
  176  15:04  Ravager x7  
  178  15:11  Mutalisk x4  
  184  15:17  Mutalisk x2  
  184  15:19  Mutalisk x4  
  194  15:24  Roach x2  
  194  15:25  Roach  
  126  15:36  Roach  
  126  15:37  Roach x7  
  126  15:41  Roach  
Tags
 
Add a new tag
Caveats
  • Supply blocks, unpowered buildings, or Contaminate may cause inaccurate times.
  • Supply counts are checked every 10 seconds.